 Dungeon Crawl Stone Soup version 0.18.1-8-gdd0e5ea (webtiles) character file.

167 Etesian the Chiller (level 5, 8/28 HPs)
             Began as a Deep Elf Ice Elementalist on May 23, 2016.
             Quit the game on level 4 of the Dungeon.
             The game lasted 00:08:03 (2803 turns).

Etesian the Chiller (Deep Elf Ice Elementalist)     Turns: 2803, Time: 00:08:04

Health: 8/28       AC:  2    Str:  5    XL:     5   Next: 23%
Magic:  5/13       EV: 13    Int: 21    God:
Gold:   92         SH:  0    Dex: 15    Spells: 4 memorised, 1 level left

rFire  . . .     SeeInvis .     a - +1 spear
rCold  + . .     Gourm    .     o - +0 robe
rNeg   . . .     Faith    .     (no shield)
rPois  .         Spirit   .     (no helmet)
rElec  .         Dismiss  .     (no cloak)
rCorr  .         Reflect  .     (no gloves)
SustAt .         Harm     .     (no boots)
MR     .....                    (no amulet)
Stlth  ++........               (no ring)
                                m - ring of protection from cold

@: lethally poisoned (8 -> -9), not resistant to hostile enchantments,
unstealthy
A: no striking features
a: no special abilities


You were on level 4 of the Dungeon.
You were not hungry.

You visited 1 branch of the dungeon, and saw 4 of its levels.

You collected 92 gold pieces.

Inventory:

Hand Weapons
 a - a +1 spear (weapon)
 i - a +0 dagger
Armour
 o - a +0 robe (worn)
Jewellery
 m - a ring of protection from cold (left hand)
Scrolls
 d - 2 scrolls of remove curse
 e - 3 scrolls of identify
 p - a scroll of enchant armour {unknown}
Potions
 l - a potion of might
Books
 b - a book of Frost

   Spells                             Type                      Level
   a - Freeze                         Ice                          1
   b - Throw Frost                    Conjuration/Ice              2
   c - Ozocubu's Armour               Charms/Ice                   3
   d - Throw Icicle                   Conjuration/Ice              4
   e - Summon Ice Beast               Ice/Summoning                4
Comestibles
 c - 5 bread rations
 f - a chunk of flesh
 g - 7 fruits
 h - a meat ration
 n - 2 royal jellies


   Skills:
 + Level 3.4 Dodging
 - Level 2.4 Stealth
 + Level 4.0 Spellcasting
 * Level 2.7 Conjurations
 * Level 5.0 Ice Magic


You had one spell level left.
You knew the following spells:

 Your Spells              Type           Power        Failure   Level  Hunger
a - Freeze                Ice            ####         1%          1    None
b - Throw Frost           Conj/Ice       ###...       4%          2    #......
c - Throw Icicle          Conj/Ice       ###.....     28%         4    ####...
d - Summon Ice Beast      Ice/Summ       ##......     41%         4    ####...


Dungeon Overview and Level Annotations

Branches:
Dungeon (4/15)
 Temple: D:4-7

Altars:
Yredelemnul
Zin

Annotations:
D:3 Jerry's ghost, weakling DsFi


Message History

You feel sick.
You take 2 damage, and have 12/28 hp.
You feel sick.
You take 1 damage, and have 11/28 hp.
Drink which item? (? for menu, Esc to quit)
Your magical effects are unravelling.
Your magical contamination has completely faded away.
You feel magically purged.
Your resistance to elements expires.
You feel sick.
You take 2 damage, and have 9/28 hp.
* * * LOW HITPOINT WARNING * * *
You feel sick.
You take 1 damage, and have 8/28 hp.
There is a lethal amount of poison in your body!
There is a lethal amount of poison in your body!
There is a lethal amount of poison in your body!
There is a lethal amount of poison in your body!
There are no items here.
Are you sure you want to abandon this character and quit the game? (Confirm with "yes".)

.. .. #. #.
#.## .. #.$#
....##.######
..........<..#
...##....@.<.#
#........#
#......[.#
##########


There were no monsters in sight!

Vanquished Creatures
  Jessica (D:2)
  2 worker ants (D:4)
  5 adders
  A dart slug (D:1)
  An orc (D:3)
  2 giant cockroaches (D:2)
  8 goblins
  5 hobgoblins
  3 jackals (D:1)
  A ball python (D:1)
  4 bats
  A giant newt (D:3)
  6 kobolds
  11 rats
51 creatures vanquished.

Notes
Turn   | Place    | Note
--------------------------------------------------------------
     0 | D:1      | Etesian the Deep Elf Ice Elementalist began the quest for the Orb.
     0 | D:1      | Reached XP level 1. HP: 10/10 MP: 6/6
   259 | D:1      | Reached XP level 2. HP: 15/15 MP: 6/8
   266 | D:1      | Learned a level 2 spell: Throw Frost
   804 | D:1      | Reached skill level 4 in Ice Magic
  1167 | D:2      | Found a glowing silver altar of Zin.
  1175 | D:2      | Noticed Jessica
  1192 | D:2      | Reached XP level 3. HP: 14/19 MP: 2/9
  1259 | D:2      | Killed Jessica
  1316 | D:2      | Found a basalt altar of Yredelemnul.
  1567 | D:2      | Reached XP level 4. HP: 13/24 MP: 5/11
  1708 | D:2      | Learned a level 4 spell: Throw Icicle
  2166 | D:3      | Noticed Jerry's ghost (weakling DsFi)
  2717 | D:3      | Learned a level 4 spell: Summon Ice Beast
  2725 | D:4      | Reached XP level 5. HP: 19/28 MP: 4/13
  2798 | D:4      | Reached skill level 5 in Ice Magic
  2803 | D:4      | Quit the game

Skill      XL: |  1  2  3  4  5 |
---------------+----------------+-----
Ice Magic      | 4 5 |  5.0
Conjurations   | 2 |  2.7
Dodging        | 3 |  3.4
Spellcasting   | 4 |  4.0
Stealth        | |  2.4

Action                   |  1- 3 |  4- 6 || total
-------------------------+-------+-------++-------
Melee: Unarmed           |    12 |       ||    12
       Dagger            |     4 |       ||     4
       Spear             |    12 |    41 ||    53
 Cast: Freeze            |    29 |    22 ||    51
       Throw Frost       |    10 |    10 ||    20
  Use: Scroll            |     2 |     7 ||     9
       Potion            |       |     2 ||     2
 Stab: Sleeping          |     5 |     7 ||    12
  Eat: Chunk             |     2 |     4 ||     6
Armor: Robe              |     9 |     4 ||    13
Dodge: Dodged            |    38 |    30 ||    68
